 Dungeon Crawl Stone Soup version 0.27.0-1-g7a089689b8 (webtiles) character file.

Game seed: 3309778427858212634

32678 Naeght the Jinx (level 13, 0/82 HPs)
             Began as a Gargoyle Earth Elementalist on Aug 3, 2021.
             Was an Elder of Vehumet.
             Slain by a black mamba (7 damage)
             ... on level 2 of the Lair of Beasts on Aug 6, 2021.
             The game lasted 01:24:41 (19454 turns).

Naeght the Jinx (Gargoyle Earth Elementalist)      Turns: 19454, Time: 01:24:42

Health: 0/82       AC: 17    Str: 13    XL:     13   Next: 66%
Magic:  20/26      EV: 12    Int: 20    God:    Vehumet [****..]
Gold:   232        SH:  0    Dex: 10    Spells: 16/31 levels left

rFire    . . .     SeeInvis +   s - +1 short sword (speed)
rCold    . . .     Faith    .   (no shield)
rNeg     + + .     Spirit   .   y - +0 leather armour of Zyclac {Fly rElec Will+ SInv}
rPois    ∞         Reflect  .   (no helmet)
rElec    +         Harm     .   (no cloak)
rCorr    +         Rampage  .   b - +2 pair of gloves
Will     +....                  K - +0 pair of boots
Stlth    ++........             B - amulet of magic regeneration
HPRegen  0.23/turn              k - ring of positive energy
MPRegen  0.45/turn              r - ring of resist corrosion

@: flying
A: sickness immunity, AC +9, negative energy resistance 1, electricity
resistance, torment resistance 1, petrification resistance
a: Renounce Religion


You were on level 2 of the Lair of Beasts.
You worshipped Vehumet.
Vehumet was greatly pleased with you.
You visited 3 branches of the dungeon, and saw 14 of its levels.
You also visited: Bailey.

You collected 724 gold pieces.
You spent 492 gold pieces at shops.

Inventory:

Hand Weapons
 m - a +1 dagger of venom
 s - a +1 short sword of speed (weapon)
Missiles
 c - 140 stones
 v - 65 sling bullets
 w - a throwing net
Armour
 b - a +2 pair of gloves (worn)
 y - the +0 leather armour of Zyclac (worn) {Fly rElec Will+ SInv}
   (You found it on level 5 of the Dungeon)

   rElec:     It insulates you from electricity.
   SInv:      It lets you see invisible.
   Fly:       It grants you flight.
   Will:      It increases your willpower.
 D - a scarf of harm
 K - a +0 pair of boots (worn)
Magical Staves
 u - a staff of air
Jewellery
 k - a ring of positive energy (left hand)
 o - an amulet of regeneration
 r - a ring of resist corrosion (right hand)
 x - an amulet of reflection
 B - an amulet of magic regeneration (around neck)
 G - a ring of protection from cold
 T - a +4 ring of protection
Wands
 n - a wand of charming (7)
 t - a wand of iceblast (6)
 H - a wand of paralysis (6)
 N - a wand of acid (14)
 S - a wand of flame (59)
Scrolls
 a - 3 scrolls of identify
 d - a scroll of vulnerability
 g - 3 scrolls of enchant armour {unknown}
 h - 5 scrolls of teleportation
 l - a scroll of fear
 q - 2 scrolls of blinking
 z - 5 scrolls of amnesia
 J - 3 scrolls of enchant weapon
 M - 3 scrolls of fog {unknown}
 O - a scroll of summoning
 Q - a scroll of immolation {unknown}
Potions
 e - 6 potions of might
 f - 5 potions of curing
 i - 2 potions of haste
 j - 4 potions of brilliance {unknown}
 p - 3 potions of attraction {unknown}
 A - a potion of ambrosia
 E - 3 potions of lignification {unknown}
 F - a potion of resistance
 I - a potion of invisibility
 L - 2 potions of mutation


   Skills:
 + Level 10.0 Fighting
 - Level 4.0 Armour
 - Level 3.0 Dodging
 - Level 2.6 Stealth
 + Level 9.8 Spellcasting
 - Level 9.6 Conjurations
 * Level 10.1 Hexes
 - Level 5.0 Transmutations
 - Level 9.0 Earth Magic


You had 16 spell levels left.
You knew the following spells:

 Your Spells              Type           Power      Damage    Failure   Level
a - Sandblast             Erth           90%        2d19      1%          1
b - Stone Arrow           Conj/Erth      94%        3d12      1%          3
c - Petrify               Tmut/Erth      37%        N/A       4%          4
d - Static Discharge      Conj/Air       29%        N/A       1%          2
e - Yara's Violent Unrav  Hex/Tmut       20%        3d9       3%          5

Your spell library contained the following spells:

 Spells                   Type           Power      Damage    Failure   Level
 Passwall                 Tmut/Erth      30%        N/A       1%          2
 Hailstorm                Conj/Ice       29%        3d8       3%          4
 Frozen Ramparts          Ice            18%        1d3       7%          3
 Ice Form                 Ice/Tmut       19%        N/A       30%         4
 Summon Ice Beast         Ice/Summ       9%         N/A       65%         4
 Simulacrum               Ice/Necr       4%         N/A       100%        6


Dungeon Overview and Level Annotations

Branches:
Dungeon (11/15)            Temple (0/1) D:5            Lair (2/6) D:10
  Snake (1/4) Lair:2       Bailey (visited)
  Swamp: Lair:2-4    Shoals: Lair:2-4       Orc: D:9-12

Altars:
Cheibriados
Fedhas
Gozag
Hepliaklqana
Kikubaaqudgha
Okawaru
Qazlal
Sif Muna
Uskayaw
Vehumet
Zin
The Shining One

Shops:
D:3 :   D:9 ?


Innate Abilities, Weirdness & Mutations

You are immune to sickness and miasma.
Your stone body is resilient. (AC +9)
You are immune to poison.
You resist negative energy. (rN+)
You are resistant to electric shocks. (rElec)
You are resistant to unholy torment.
You are immune to petrification.


Message History

The black mamba bites you but does no damage.
The black mamba misses you. The black mamba barely misses you.
The black mamba bites you but does no damage.
The black mamba bites the plant!
The plant begins to die.
The black mamba bites you but does no damage.
The black mamba bites you!
* * * LOW HITPOINT WARNING * * *
Casting: Stone Arrow (safe; 1% risk of failure)
Confirm with . or Enter, or press ? or * to list all spells.
Aiming: Stone Arrow (safe; 1% risk of failure)
Press: ? - help, Shift-Dir - straight line, f/p - black mamba
Aim: a black mamba (heavily wounded, 60% to hit)
The stone arrow hits the black mamba!!
You kill the black mamba!
Vehumet accepts your kill.
You feel your power returning. The black mamba bites you.
* * * LOW HITPOINT WARNING * * *
Your Fighting skill increases to level 10!
Casting: Stone Arrow (safe; 1% risk of failure)
Confirm with . or Enter, or press ? or * to list all spells.
Aiming: Stone Arrow (safe; 1% risk of failure)
Press: ? - help, Shift-Dir - straight line, f - black mamba
Aim: a black mamba (60% to hit)
The stone arrow misses the black mamba.
The stone arrow hits the plant!!
The plant is moderately damaged.
The sentinel's mark upon you fades away.
A nearby plant withers and dies.
The black mamba bites you but does no damage.
The black mamba bites you.
* * * LOW HITPOINT WARNING * * *
Casting: Stone Arrow (safe; 1% risk of failure)
Confirm with . or Enter, or press ? or * to list all spells.
Aiming: Stone Arrow (safe; 1% risk of failure)
Press: ? - help, Shift-Dir - straight line, f/p - black mamba
Aim: a black mamba (60% to hit)
The stone arrow hits the black mamba!!
The black mamba is heavily wounded.
The black mamba bites you!
You die...

...>.###.##.## #..###...##....
.............# #.####..#..##.#
#...........P######..##.P........
##..P###.....##.##..###....#.....
##..####.............##..###.....
#...# #.###....#.######...##....#
##..##### ##..#### ##....###....#
....P.# #..######...P#.##....#
......# #...#@##..########...#
......# ##...#S...# #.###.....
......# #...##..## #........#
.....########..####..###........#
..........##...#.##.............#
###.............................#
.....##....P...>.P...#.....###P.P
.....#######....P..####.....###..
...#.# ##.....## ##)..###..#


You could see a black mamba.

Vanquished Creatures
  4 two-headed ogres
  An oklob plant (D:10)
  7 black mambas
  A naga mage (Snake:1)
  3 cane toads
  Maggie (Lair:2)
  A rime drake (Lair:2)
  6 komodo dragons
  Grinder (D:3)
  3 trolls
  A hornet (Lair:1)
  5 blink frogs (Lair:1)
  3 wyverns (Lair:2)
  A wraith (D:10)
  A shadow (D:11)
  11 yaks
  A basilisk (Lair:2)
  2 acid dragons
  11 water moccasins
  An ice beast (D:5)
  A sky beast (D:5)
  A black bear (D:6)
  A necrophage (D:5)
  15 orc warriors
  2 ogres
  11 centaurs
  A phantom (D:5)
  8 bullfrogs
  2 gnoll sergeants (D:5)
  2 wyvern zombies (D:7)
  2 scorpions
  3 wights
  3 howler monkeys
  2 electric eels (D:6)
  5 centaur zombies
  A jelly (D:8)
  5 hounds
  11 orc priests
  A centaur skeleton (D:7)
  2 gnoll shamans (D:5)
  An iguana (D:4)
  15 orc wizards
  A hound skeleton (D:4)
  A howler monkey zombie (D:8)
  6 adders
  19 gnolls (D:5)
  4 howler monkey skeletons
  A shadow imp (D:8)
  2 ufetubi (D:5)
  2 adder skeletons (D:4)
  2 worms
  12 dart slugs
  81 orcs
  2 ball pythons
  7 endoplasms
  3 giant cockroaches
  11 hobgoblins
  20 jackals
  4 quokkas
  4 bats
  2 frilled lizards
  6 goblins
  2 kobolds
  5 rats
357 creatures vanquished.

Vanquished Creatures (others)
  5 fungi (Lair:2)
  33 plants
38 creatures vanquished.

Grand Total: 395 creatures vanquished

Notes
Turn   | Place    | Note
-------+----------+-------------------------------------------
     0 | D:1      | Naeght the Gargoyle Earth Elementalist began the quest for
                  | the Orb.
     0 | D:1      | Reached XP level 1. HP: 10/10 MP: 3/3
   228 | D:1      | Reached skill level 1 in Transmutations
   228 | D:1      | Reached XP level 2. HP: 11/15 MP: 0/5
   868 | D:2      | Reached XP level 3. HP: 19/19 MP: 0/6
   872 | D:2      | Learned a level 3 spell: Stone Arrow
  1199 | D:2      | Reached skill level 1 in Conjurations
  1936 | D:3      | Noticed a scorpion
  1956 | D:3      | Killed a scorpion
  1957 | D:3      | Reached XP level 4. HP: 23/24 MP: 0/8
  2065 | D:3      | Found Kih Aput's Book Shoppe.
  2125 | D:3      | Reached XP level 5. HP: 27/28 MP: 7/9
  2241 | D:3      | Found a faded altar of an unknown god.
  2350 | D:3      | Noticed Grinder
  2355 | D:3      | Paralysed by Grinder for 4 turns
  2371 | D:3      | Killed Grinder
  2372 | D:3      | Reached skill level 5 in Earth Magic
  2372 | D:3      | Reached XP level 6. HP: 12/32 MP: 0/11
  2597 | D:3      | Noticed an orc warrior
  2784 | D:3      | Killed an orc warrior
  3194 | D:4      | Reached XP level 7. HP: 36/36 MP: 9/12
  3890 | D:4      | Found an iron altar of Okawaru.
  4774 | D:4      | Found an ancient bone altar of Kikubaaqudgha.
  4807 | D:4      | Found a radiant altar of Vehumet.
  4813 | D:4      | Became a worshipper of Vehumet
  4888 | D:4      | Found a shimmering blue altar of Sif Muna.
  4893 | D:4      | Reached skill level 5 in Conjurations
  5237 | D:5      | Entered Level 5 of the Dungeon
  5297 | D:5      | Reached XP level 8. HP: 41/41 MP: 10/15
  5508 | D:5      | Reached skill level 1 in Fighting
  5613 | D:5      | Reached skill level 5 in Spellcasting
  6149 | D:5      | Identified the +0 leather armour of Zyclac {Fly rElec Will+
                  | SInv}
  6318 | D:5      | Found a staircase to the Ecumenical Temple.
  7154 | D:5      | Reached * piety under Vehumet
  7154 | D:5      | Offered knowledge of Freeze by Vehumet.
  7504 | D:5      | Reached XP level 9. HP: 49/49 MP: 17/17
  8083 | D:5      | Learned a level 4 spell: Petrify
  8125 | D:5      | Reached skill level 1 in Armour
  8293 | D:6      | Offered knowledge of Static Discharge by Vehumet.
  8302 | D:5      | Learned a level 2 spell: Static Discharge
  8329 | D:6      | Reached ** piety under Vehumet
  9959 | D:8      | Offered knowledge of Dazzling Flash by Vehumet.
 10110 | D:8      | Paralysed by an orc warrior for 3 turns
 10119 | D:8      | Reached XP level 10. HP: 56/56 MP: 13/19
 10320 | D:8      | Found an opulent altar of Gozag.
 10949 | D:9      | Found a snail-covered altar of Cheibriados.
 11283 | D:9      | Found Dafegg's Magic Scroll Boutique.
 11302 | D:9      | Bought a scroll of blinking for 97 gold pieces
 11302 | D:9      | Bought a scroll of noise for 13 gold pieces
 11302 | D:9      | Bought a scroll of teleportation for 39 gold pieces
 11342 | D:9      | Reached skill level 5 in Transmutations
 11373 | D:8      | Reached skill level 5 in Fighting
 11586 | D:9      | Noticed a two-headed ogre
 11591 | D:9      | Killed a two-headed ogre
 11667 | D:9      | Reached *** piety under Vehumet
 11976 | D:9      | Found a hide-covered altar of Uskayaw.
 12064 | D:10     | Entered Level 10 of the Dungeon
 12070 | D:10     | Noticed a two-headed ogre
 12103 | D:9      | Killed a two-headed ogre
 12363 | D:10     | Reached XP level 11. HP: 66/66 MP: 13/22
 12489 | D:10     | Found a staircase to the Lair.
 12675 | Lair:1   | Entered Level 1 of the Lair of Beasts
 12919 | D:10     | Found a glowing golden altar of the Shining One.
 12919 | D:10     | Noticed a two-headed ogre
 12922 | D:10     | Killed a two-headed ogre
 12922 | D:10     | Offered knowledge of Olgreb's Toxic Radiance by Vehumet.
 13049 | D:10     | Found a stormy altar of Qazlal.
 13049 | D:10     | Found a glowing silver altar of Zin.
 13051 | D:10     | Found a hazy altar of Hepliaklqana.
 13128 | D:10     | Found a blossoming altar of Fedhas.
 13149 | D:10     | Noticed an oklob plant
 13162 | D:10     | Killed an oklob plant
 13821 | D:11     | Noticed a death knight
 13923 | D:11     | Found a flagged portal.
 13982 | Bailey   | Entered a bailey
 14314 | Bailey   | Reached **** piety under Vehumet
 14420 | Bailey   | Offered knowledge of Yara's Violent Unravelling by Vehumet.
 14602 | Bailey   | Learned a level 5 spell: Yara's Violent Unravelling
 14890 | D:11     | Reached skill level 1 in Hexes
 14984 | D:11     | Noticed a two-headed ogre
 15001 | D:11     | Killed a two-headed ogre
 15916 | Lair:1   | Reached XP level 12. HP: 75/75 MP: 15/25
 16567 | Lair:2   | Noticed Maggie
 16583 | Lair:2   | Killed Maggie
 16943 | Lair:2   | Reached skill level 5 in Hexes
 17434 | Lair:2   | Reached XP level 13. HP: 80/80 MP: 26/26
 17691 | Lair:2   | Found a staircase to the Snake Pit.
 18299 | Lair:2   | Reached skill level 10 in Hexes
 18455 | D:9      | Bought a scroll of teleportation for 39 gold pieces
 18455 | D:9      | Bought a scroll of amnesia for 45 gold pieces
 18455 | D:9      | Bought a scroll of teleportation for 39 gold pieces
 18455 | D:9      | Bought a scroll of summoning for 123 gold pieces
 18455 | D:9      | Bought a scroll of enchant weapon for 97 gold pieces
 18596 | Snake:1  | Entered Level 1 of the Snake Pit
 18602 | Snake:1  | Identified the +1 robe of Noxim {Harm rCorr Str+2}
 19414 | Snake:1  | Noticed a naga warrior
 19453 | Lair:2   | Reached skill level 10 in Fighting
 19454 | Lair:2   | Slain by a black mamba

Illustrated notes

Levels and vault maps discovered:
D:1:      amcnicky_arrival_choice, layout_rooms, serial_bayou_pond_c
D:2:      layout_basic, chequers_decorated_corner, kennysheep_nub
D:3:      layout_basic, ebering_ecumenical_altar_hall, serial_shops, shop,
          uniq_grinder
D:4:      layout_basic, palyth_temple_overflow_mages, okawaru_altar_gauntlet_db,
          serial_rivers, chequers_serial_rivers_micro_b,
          chequers_serial_rivers_room_b, chequers_serial_rivers_marsh,
          chequers_serial_rivers_small_3, chequers_serial_rivers_room_a,
          chequers_serial_rivers_room_b
D:5:      lemuel_castle_with_subvaults [lemuel_castle_interior_carwin_2],
          layout_loops_corners, minmay_temple_entry_poolview, serial_rivers,
          chequers_serial_rivers_room_b, chequers_serial_rivers_micro_b,
          chequers_serial_rivers_small_3, chequers_serial_rivers_marsh,
          chequers_serial_rivers_marsh
D:6:      kennysheep_slugbush, layout_rooms
D:7:      layout_loops_ring
D:8:      layout_basic, mainiacjoe_overflow_boulevard,
          hangedman_abyss_or_decor_stabs
D:9:      layout_layer_cave, cheibriados_altar_1, lemuel_round_altar,
          serial_shops, shop, nicolae_straight_to_the_point
D:10:     layout_stronghold, nicolae_tso_swordbearing_angel,
          grunt_temple_overflow_open, tgw_fedhas, david_lair_shrubbed
D:11:     layout_gridville, enter_bailey_4
Lair:1:   layout_small_grid
Lair:2:   layout_chaotic_city, minmay_snake_entry_six_corridors, uniq_maggie
Snake:1:  layout_concentric_octagons

Skill      XL: |  1  2  3  4  5  6  7  8  9 10 11 12 13 |
---------------+----------------------------------------+-----
Transmutations | 1 2 4 5 |  5.0
Earth Magic    | 4 5 6 7 8 9 |  9.0
Conjurations   | 2 3 4 5 6 8 9 |  9.6
Spellcasting   | 3 4 5 6 7 9 |  9.8
Dodging        | 2 3 |  3.0
Fighting       | 2 4 6 8 9 10 | 10.0
Armour         | 2 4 |  4.0
Hexes          | 3 9 10 | 10.1
Stealth        | |  2.6

Action                   |  1- 3 |  4- 6 |  7- 9 | 10-12 | 13-15 || total
-------------------------+-------+-------+-------+-------+-------++-------
Melee: Unarmed           |    35 |       |       |       |       ||    35
       Dagger            |     3 |    13 |   106 |   192 |    16 ||   330
       Trident           |       |       |   110 |    84 |       ||   194
       Short sword       |       |       |    11 |       |     2 ||    13
       Executioner's axe |       |       |       |     7 |       ||     7
 Cast: Sandblast         |    51 |    26 |    90 |    43 |    32 ||   242
       Stone Arrow       |       |     3 |   110 |   173 |    25 ||   311
       Static Discharge  |       |       |     2 |     7 |       ||     9
       Petrify           |       |       |       |    24 |       ||    24
       Yara's Violent Un |       |       |       |     1 |       ||     1
  Use: Scroll            |       |       |       |    11 |       ||    11
       Potion            |       |       |       |     1 |       ||     1
 Stab: Sleeping          |     1 |       |       |       |       ||     1
       Petrified         |       |       |       |    23 |       ||    23
       Petrifying        |       |       |       |     1 |       ||     1
Armor: Robe              |    19 |     1 |    19 |       |       ||    39
       Leather armour    |       |       |   131 |   171 |    27 ||   329
Dodge: Dodged            |    41 |     7 |   177 |   235 |    51 ||   511
